Map: Overgrowth LE (Void)

Players

BuRny - Winner!

  • Race: Terran Terran
  • League: Master
  • Spawn Location: 7:00

A.I. 1 (Very Easy)

  • Race: Protoss Protoss
  • Spawn Location: 1:00

VOD

Have the link to the VOD?

Description

Time

  • Played on: Dec. 28, 2016, 10:25 a.m.
  • Length: 6:52
Show
View Real Time Build Order
Export as new Build Order

BuRny Terran - Winner!

Build Orders: Liberator Opening 

Get SALT Encoding   

  12  0:00  SCV  
  13  0:12  SCV  
  14  0:17  Supply Depot  
  14  0:25  SCV  
  15  0:38  SCV  
  15  0:40  Barracks  
  16  0:43  Refinery  
  16  0:50  SCV  
  17  1:03  SCV  
  18  1:15  SCV  
  19  1:26  Marine  
  19  1:27  Orbital Command  
  20  1:38  Command Center  
  20  1:48  Factory  
  20  1:53  SCV  
  21  2:02  Supply Depot  
  21  2:03  Barracks Reactor  
  21  2:07  SCV  
  22  2:11  Refinery  
  22  2:19  SCV  
  23  2:31  SCV  
  23  2:33  Widow Mine  
  26  2:39  Marine x2  
  26  2:42  Starport  
  26  2:43  SCV  
  29  2:50  Orbital Command  
  29  2:55  SCV  
  29  2:57  Marine x2  
  32  3:02  Widow Mine  
  34  3:07  SCV  
  34  3:11  Supply Depot  
  35  3:14  Marine  
  35  3:15  Marine  
  35  3:18  SCV  
  35  3:19  SCV  
  39  3:20  Medivac  
  41  3:30  SCV, Widow Mine  
  41  3:31  SCV  
  41  3:33  Liberator  
  45  3:34  Marine  
  45  3:35  Marine  
  45  3:40  Engineering Bay  
  47  3:42  SCV  
  47  3:43  SCV  
  49  3:48  Barracks  
  49  3:55  Marine x2  
  54  4:04  Factory Reactor  
  54  4:05  Barracks  
  54  4:13  Missile Turret  
  54  4:18  Missile Turret  
  54  4:27  SCV x2, Marine x2  
  54  4:28  Supply Depot  
  54  4:31  Supply Depot  
  58  4:33  Starport Tech Lab  
  58  4:39  SCV x2  
  60  4:49  Terran Infantry Weapons Level 1  
  60  4:51  SCV x2  
  62  4:53  Factory Reactor  
  62  4:55  Supply Depot  
  62  4:56  Supply Depot  
  62  5:00  Marine x2  
  62  5:03  SCV  
  62  5:06  SCV  
  66  5:08  Marine x2  
  66  5:10  Marine  
  69  5:14  Medivac  
  69  5:18  Marine  
  72  5:22  SCV  
  72  5:23  SCV  
  76  5:28  Marauder  
  76  5:30  Marine  
  76  5:31  Marine x2  
  76  5:34  SCV  
  76  5:35  SCV  
  81  5:40  Command Center  
  81  5:44  Refinery  
  81  5:46  Factory Tech Lab  
  81  5:49  Barracks  
  81  5:53  Medivac x2, Barracks  
  81  5:56  Marauder, Marine  
  88  6:00  Supply Depot  
  88  6:03  SCV, Supply Depot  
  88  6:04  SCV  
  90  6:11  Marine x2  
  90  6:12  Armory  
  90  6:14  Marine  
  93  6:20  SCV  
  93  6:21  SCV, Marauder  
  97  6:25  Supply Depot  
  97  6:29  Factory Tech Lab  
  97  6:32  SCV  
  98  6:33  SCV  
  99  6:40  Refinery  
  99  6:41  Supply Depot  
  99  6:43  Supply Depot  
Show
View Real Time Build Order
Export as new Build Order

A.I. 1 (Very Easy) Protoss 

Build Orders:  

Get SALT Encoding   

  12  0:01  Probe (Chrono Boost)  
  13  0:11  Probe (Chrono Boost)  
  14  0:20  Pylon  
  14  0:36  Assimilator  
  14  0:43  Gateway  
  14  0:46  Pylon  
  14  1:14  Assimilator  
  14  1:23  Probe (Chrono Boost)  
  15  1:33  Probe (Chrono Boost)  
  15  1:34  Cybernetics Core  
  16  1:44  Probe (Chrono Boost)  
  17  1:54  Probe (Chrono Boost)  
  17  1:58  Warp Gate  
  18  2:05  Probe (Chrono Boost)  
  19  2:11  Stalker  
  21  2:16  Probe (Chrono Boost)  
  17  4:46  Probe (Chrono Boost)  
  14  4:56  Probe (Chrono Boost)  
  16  5:07  Probe (Chrono Boost)  
  16  5:17  Probe (Chrono Boost)  
  15  5:29  Probe (Chrono Boost)  
  15  5:32  Zealot  
  15  5:34  Pylon  
  17  5:37  Robotics Facility  
  17  5:40  Probe (Chrono Boost)  
  10  5:51  Probe (Chrono Boost)  
  11  6:01  Probe (Chrono Boost)  
  12  6:12  Probe (Chrono Boost)  
  5  6:22  Probe (Chrono Boost)  
  5  6:24  Nexus  
  5  6:25  Observer, Zealot  
  9  6:34  Probe (Chrono Boost)  
Tags
 
Add a new tag
Caveats
  • Supply blocks, unpowered buildings, or Contaminate may cause inaccurate times.
  • Supply counts are checked every 10 seconds.